 Dungeon Crawl Stone Soup version 0.27.1-2-g3b301248ec (webtiles) character file.

Game seed: 17559421816510206891

26 MisterFreud the Shield-Bearer (level 3, 0/35 HPs)
             Began as a Gnoll Fighter on Sept 29, 2021.
             Succumbed to a goblin's poison
             ... on level 1 of the Dungeon.
             The game lasted 00:01:16 (1099 turns).

MisterFreud the Shield-Bearer (Gnoll Fighter)       Turns: 1099, Time: 00:01:16

Health: 0/35       AC:  7    Str: 15    XL:     3   Next: 8%
Magic:  3/3        EV:  7    Int:  8    God:
Gold:   21         SH: 10    Dex: 11    Spells: 3/3 levels left

rFire    . . .     SeeInvis .   a - +0 rapier
rCold    . . .     Faith    .   c - +0 kite shield
rNeg     . . .     Spirit   .   b - +0 scale mail
rPois    .         Reflect  .   (no helmet)
rElec    .         Harm     .   (no cloak)
rCorr    .         Rampage  .   (no gloves)
Will     .....                  (no boots)
Stlth    ..........             (no amulet)
HPRegen  0.11/turn              (no ring)
MPRegen  0.08/turn              (no ring)

@: lethally poisoned (0 -> -14)
A: fangs 1, strong nose, distributed training
a: no special abilities


You were on level 1 of the Dungeon.
You visited 1 branch of the dungeon, and saw 2 of its levels.

You collected 71 gold pieces.
You spent 50 gold pieces at shops.

Inventory:

Hand Weapons
 a - a +0 rapier (weapon)
Armour
 b - a +0 scale mail (worn)
 c - a +0 kite shield (worn)
Scrolls
 e - a scroll of immolation {unknown}
Potions
 d - a potion of might
 f - a potion of flight {unknown}
 g - a potion of degeneration {unknown}
 h - 2 potions of haste {unknown}
 j - 2 potions of lignification {unknown}


   Skills:
 + Level 6.5 Fighting
 + Level 4.5 Short Blades
 + Level 0.6 Long Blades
 + Level 0.6 Axes
 + Level 0.6 Maces & Flails
 + Level 0.6 Polearms
 + Level 0.6 Staves
 + Level 0.6 Slings
 + Level 0.6 Bows
 + Level 0.6 Crossbows
 + Level 0.6 Throwing
 + Level 6.5 Armour
 + Level 0.6 Dodging
 + Level 0.6 Stealth
 + Level 6.5 Shields
 + Level 0.6 Unarmed Combat
 + Level 0.6 Spellcasting
 + Level 0.4 Conjurations
 + Level 0.4 Hexes
 + Level 0.4 Summonings
 + Level 0.4 Necromancy
 + Level 0.4 Translocations
 + Level 0.4 Transmutations
 + Level 0.4 Fire Magic
 + Level 0.4 Ice Magic
 + Level 0.4 Air Magic
 + Level 0.4 Earth Magic
 + Level 0.4 Poison Magic
 + Level 0.8 Invocations
 + Level 0.6 Evocations


You had 3 spell levels left.
You didn't know any spells.
Your spell library contained the following spells:

 Spells                   Type           Power      Damage    Failure   Level
 Ignite Poison            Fire/Tmut/Pois 1%         N/A       100%        3
 Ozocubu's Armour         Ice            1%         N/A       100%        3
 Animate Armour           Summ/Erth      2%         N/A       100%        4
 Shadow Creatures         Summ           N/A        N/A       100%        6
 Haunt                    Necr/Summ      0%         N/A       100%        7
 Ozocubu's Refrigeration  Ice            0%         4d5       100%        7


Dungeon Overview and Level Annotations

Branches:
Dungeon (2/15)

Altars:

Shops:
D:1 !

Annotations:
D:2 Robin


Innate Abilities, Weirdness & Mutations

You have very sharp teeth.
Your uncanny sense of smell can sniff out nearby items.
Your experience applies equally to all skills.


Message History

You feel much better.
You feel sick. You block the goblin's attack.
You closely miss the goblin.
The goblin is moderately wounded.
You feel sick. You block the goblin's attack.
You barely miss the goblin.
The goblin is moderately wounded.
You feel sick. The goblin hits you but does no damage.
You are more poisoned.
You hit the goblin.
The goblin is heavily wounded.
You feel very sick. The goblin hits you but does no damage.
You are more poisoned.
You barely miss the goblin. Your bite misses the goblin.
The goblin is heavily wounded.
You feel very sick. The goblin hits you but does no damage.
You are lethally poisoned!
You barely miss the goblin.
The goblin is heavily wounded.
You feel very sick. You block the goblin's attack.
The goblin hits you with a +1 dagger of venom.
You closely miss the goblin.
The goblin is heavily wounded.
You feel very sick. You block the goblin's attack.
You hit the goblin but do no damage. Your bite misses the goblin.
The goblin is heavily wounded.
* * * LOW HITPOINT WARNING * * *
You feel very sick. The goblin hits you but does no damage.
You are more poisoned.
You hit the goblin.
You kill the goblin!
* * * LOW HITPOINT WARNING * * *
You feel very sick.
Unknown command.
Unknown command.
You die...

#.######..#####.#
#.#.####..# #.# #.#.......#
#.# #.#.####.#### #.# #.#.#
#....# #.# #.#.# ####.# #.#
#.#.# #.# #.# #.#.# #.# #.#
###### #@#.# #.# #.# #....#
#####.#.# #.# #.#
#####....###.....#.#######.#
#.#
....'....'.'....>........#.#
#.#
#####....#.#....##.#####.#.#
#.# #....#.#....##.# #.#.#
#.# # ##....#.#....##.#
#.#.# #.# #
#.....+.'....+..# #.#.# #.#
####^....#.#....#### #.#.#
#.#


There were no monsters in sight!

Vanquished Creatures
  5 endoplasms (D:1)
  A giant cockroach (D:1)
  5 goblins (D:1)
  3 hobgoblins
  A kobold (D:1)
  2 ball pythons
  2 bats (D:1)
  A frilled lizard (D:1)
  2 rats
22 creatures vanquished.

Notes
Turn   | Place    | Note
-------+----------+-------------------------------------------
     0 | D:1      | MisterFreud the Gnoll Fighter began the quest for the Orb.
     0 | D:1      | Reached XP level 1. HP: 23/23 MP: 1/1
   270 | D:1      | Reached XP level 2. HP: 27/29 MP: 2/2
   419 | D:1      | Found Hiaho's Distillery.
   428 | D:1      | Bought a potion of heal wounds for 50 gold pieces
   902 | D:1      | Got Zypicw's Tome of Toxins and the Escort
  1066 | D:2      | Noticed Robin
  1085 | D:1      | Reached XP level 3. HP: 14/35 MP: 3/3
  1099 | D:1      | Succumbed to a goblin's poison

Illustrated notes

Levels and vault maps discovered:
D:1:      evilmike_arrival_rings, layout_basic, serial_shops,
          nicolae_lakefront_shop
D:2:      layout_basic, uniq_robin, uniq_crazy_yiuf_cottage, uniq_terence

Action                   || total
-------------------------++-------
Melee: Rapier            ||    65
       Bite              ||     4
  Use: Potion            ||     1
Armor: Scale mail        ||    22
Dodge: Dodged            ||    16
Block: Kite shield       ||    27
